Coyotes vs Canucks
(R1)
Created - January 20, 2019 at 20:07
Goals
|
Coyotes |
1 |
2 |
0 |
0 |
0 |
3 |
Canucks |
2 |
0 |
1 |
0 |
2 |
4 |
|
Shots
|
Coyotes |
11 |
15 |
2 |
1 |
2 |
29 |
Canucks |
12 |
9 |
7 |
3 |
2 |
31 |
|
1st period
1. Canucks , Mike Ribeiro 9 (Chris Higgins 22, Alex Goligoski 33) at 4:57
2. Canucks , Jiri Hudler 8 (Chris Higgins 23, Mike Ribeiro 11) at 7:49
3. Coyotes , Martin Samuelsson 7 (Thomas Hickey 6, Kristopher Letang 19) at 12:21
Penalties :
Thomas Hickey (Ari) for Holding (Minor) at 10:01, Danny DeKeiser (Van) for Tripping (Minor) at 14:47
2nd period
4. Coyotes , Anton Stralman 3 (Marek Svatos 19, Zach Parise 18) at 14:04 (PP)
5. Coyotes , Zach Parise 17 (Marek Svatos 20) at 14:21
Penalties :
Marian Gaborik (Ari) for Slashing (Minor) at 5:54, Jamie McBain (Van) for Goalie Interference (Minor) at 13:28, Matt Stajan (Van) for Tripping (Minor) at 14:26
3rd period
6. Canucks , Johan Franzen 4 (Nik Antropov 5, Ryan Hollweg 4) at 14:26
Penalties :
Zach Parise (Ari) for High sticking (Minor) at 12:03, Derek Boogaard (Van) for Hooking (Minor) at 14:50
Overtime #1
No Goal
Penalties :
No Penalty
Shootout
Coyotes, Marian Gaborik - Stopped by Michal Neuvirth
Canucks, Matt Stajan - Goal!
Coyotes, Zach Parise - Stopped by Michal Neuvirth
Canucks, Brad Boyes - Goal!
Penalties :
No Penalty
Goalie Stats
Cam Ward (Ari), 28 saves from 31 shots - (0.903), OTL, 6-4-3, 65:00 minutes
Michal Neuvirth (Van), 26 saves from 29 shots - (0.897), W, 16-20-1, 65:00 minutes
Players Stats for Coyotes
Player Name G A P +/- PIM S H SB GA TA FO MP PP MP PK MP
------------------------------------------------------------------------------------
Anton Lander 0 0 0 -1 0 2 2 0 0 0 2/6 8:17 0:00 0:28
Anton Stralman 1 0 1 1 0 2 2 0 1 0 0/0 28:34 4:41 2:18
Brooks Laich 0 0 0 0 0 3 1 0 0 0 8/17 17:28 3:01 0:00
Chad Larose 0 0 0 0 0 0 1 0 0 0 2/3 12:47 0:08 3:28
Chris Stewart 0 0 0 0 0 1 0 0 1 0 0/0 10:53 0:08 0:00
Greg Zanon 0 0 0 0 0 1 4 1 0 1 0/0 18:14 0:00 3:39
Josh Gorges 0 0 0 -3 0 2 1 3 1 1 0/0 22:19 1:52 1:16
Kristopher Letang 0 1 1 2 0 2 2 2 0 0 0/0 30:17 4:41 3:40
Marek Svatos 0 2 2 0 0 1 0 1 1 0 0/0 17:24 3:01 0:00
Marian Gaborik 0 0 0 0 2 3 1 0 1 0 2/3 20:35 3:24 0:00
Martin Samuelsson 1 0 1 1 0 2 1 0 0 0 1/1 14:01 0:08 3:28
Michael Del Zotto 0 0 0 0 0 0 2 0 1 0 0/0 14:02 1:52 0:00
Nazem Kadri 0 0 0 0 0 1 1 0 0 1 8/19 19:10 3:24 0:00
Ryane Clowe 0 0 0 -2 0 0 1 0 0 0 0/0 11:51 0:00 1:26
Thomas Hickey 0 1 1 -1 2 1 0 2 0 0 0/0 16:54 0:00 1:01
Tyler Ennis 0 0 0 -1 0 5 0 0 1 0 1/3 22:37 3:24 2:01
Valtteri Filppula 0 0 0 0 0 0 0 0 0 0 3/4 8:37 0:00 0:00
Zach Parise 1 1 2 -1 2 3 0 0 2 0 0/2 20:00 3:01 1:03
Players Stats for Canucks
Player Name G A P +/- PIM S H SB GA TA FO MP PP MP PK MP
------------------------------------------------------------------------------------
Alex Goligoski 0 1 1 0 0 3 1 0 1 3 0/0 31:55 3:47 4:19
Brad Boyes 0 0 0 -1 0 2 0 0 1 0 0/1 25:26 3:12 3:50
Chris Campoli 0 0 0 2 0 0 0 0 0 0 0/0 14:46 2:04 2:14
Chris Higgins 0 2 2 2 0 5 1 0 0 0 1/2 20:00 3:12 1:18
Danny DeKeiser 0 0 0 0 2 0 1 1 0 1 0/0 20:55 2:10 0:00
Derek Boogaard 0 0 0 -1 2 6 1 0 0 1 0/0 19:32 2:35 0:30
James Wright 0 0 0 0 0 1 1 0 1 0 0/0 6:05 2:35 0:00
Jamie McBain 0 0 0 0 2 1 5 5 0 0 0/0 29:34 3:53 2:14
Jiri Hudler 1 0 1 2 0 1 3 0 0 0 0/0 17:07 2:45 0:00
Johan Franzen 1 0 1 0 0 3 0 1 0 0 2/2 15:33 0:00 1:31
Justin Falk 0 0 0 1 0 0 0 2 0 0 0/0 10:05 0:00 0:00
Lane MacDermid 0 0 0 0 0 0 0 0 0 0 0/0 0:36 0:00 0:15
Martins Karsums 0 0 0 0 0 0 1 0 0 1 0/0 3:27 0:00 0:00
Matt Stajan 0 0 0 -1 2 1 2 0 0 0 16/34 26:55 3:12 2:53
Mike Ribeiro 1 1 2 2 0 1 2 0 0 0 7/11 17:30 0:00 2:13
Nik Antropov 0 1 1 0 0 6 0 0 0 0 5/8 16:15 0:10 0:36
Ryan Hollweg 0 1 1 0 0 1 4 0 0 1 0/0 14:54 0:10 0:00
Steve Montador 0 0 0 -1 0 0 1 2 0 2 0/0 22:48 0:00 4:19
3 Stars
1 - Mike Ribeiro (Van)
2 - Jiri Hudler (Van)
3 - Chris Higgins (Van)
Power Play
Coyotes - 1 on 4 Attempt(s) - 25.00%
Canucks - 0 on 3 Attempt(s) - 0.00%
Penalty Kill
Coyotes - 3 on 3 Attempt(s) - 100.00%
- Score 0 goal in Penalty Kill
Canucks - 3 on 4 Attempt(s) - 75.00%
- Score 0 goal in Penalty Kill
Team Stat
Coyotes - Hits : 19 - Faceoff Wins : 27 - Blocked Shots : 9 - Penalty Minutes : 6
Canucks - Hits : 23 - Faceoff Wins : 31 - Blocked Shots : 11 - Penalty Minutes : 8
Official
Referees : Unknown
Linesman : Unknown
Game Notes
14:21 of 1st period - Canucks goal is going for a video replay. After video review, No Goal. The referee deems the play has been stopped, even if he had not physically had the opportunity to stop play by blowing his whistle.
Finance
Level 1 -- Attendance: 5724 (95.40%) -- Ticket Income $486,540
Level 2 -- Attendance: 4591 (91.82%) -- Ticket Income $234,141
Level 3 -- Attendance: 1963 (98.15%) -- Ticket Income $62,816
Level 4 -- Attendance: 3953 (98.83%) -- Ticket Income $79,060
Luxury Box -- Attendance: 1000 (100.00%) -- Ticket Income $100,000
Game was played at the Budweiser Coliseum.
Total Attendance: 17231 (95.73%)
Total Ticket Income: $962,557
Other Income: $144,384
Total Income: $1,106,941
Coyotes
5 vs 5 Forward
Center Left Wing Right Wing Time % Phy DF OF
1 Nazem Kadri Tyler Ennis Marian Gaborik 36 0 2 3
2 Brooks Laich Zach Parise Marek Svatos 34 0 2 3
3 Valtteri Filppula Martin Samuelsson Chris Stewart 16 0 2 3
4 Anton Lander Ryane Clowe Chad Larose 14 1 2 2
5 vs 5 Defense
Defense Defense Time % Phy DF OF
1 Kristopher Letang Anton Stralman 40 0 3 2
2 Josh Gorges Thomas Hickey 30 0 3 2
3 Michael Del Zotto Greg Zanon 20 0 3 2
4 Kristopher Letang Anton Stralman 10 1 2 2
PowerPlay Forward
Center Left Wing Right Wing Time % Phy DF OF
1 Nazem Kadri Tyler Ennis Marian Gaborik 60 0 1 4
2 Brooks Laich Zach Parise Marek Svatos 40 0 1 4
PowerPlay Defense
Defense Defense Time % Phy DF OF
1 Kristopher Letang Anton Stralman 60 0 2 3
2 Josh Gorges Michael Del Zotto 40 0 2 3
Penalty Kill 4 Players Forward
Center Wing Time % Phy DF OF
1 Chad Larose Martin Samuelsson 60 0 3 2
2 Tyler Ennis Zach Parise 40 0 3 2
Penalty Kill 4 Players Defense
Defense Defense Time % Phy DF OF
1 Kristopher Letang Greg Zanon 60 1 4 0
2 Anton Stralman Kristopher Letang 40 1 4 0
Penalty Kill - 3 Players Forward
Forward Time % Phy DF OF
1 Zach Parise 60 1 3 1
2 Tyler Ennis 40 1 3 1
Penalty Kill - 3 Players Defense
Defense Defense Time % Phy DF OF
1 Kristopher Letang Anton Stralman 60 1 4 0
2 Josh Gorges Greg Zanon 40 1 4 0
4 vs 4 Forward
Center Wing Time % Phy DF OF
1 Marian Gaborik Tyler Ennis 60 1 2 2
2 Nazem Kadri Zach Parise 40 1 2 2
4 vs 4 Defense
Defense Defense Time % Phy DF OF
1 Kristopher Letang Anton Stralman 60 1 2 2
2 Josh Gorges Greg Zanon 40 1 2 2
Last Minutes Offensive
Center Left Wing Right Wing Defense Defense
Nazem Kadri Tyler Ennis Marian Gaborik Kristopher Letang Anton Stralman
Last Minutes Defensive
Center Left Wing Right Wing Defense Defense
Nazem Kadri Martin Samuelsson Chad Larose Greg Zanon Anton Stralman
Goaltenders
Starting : Cam Ward
Backup : Maxime Daigneault
Extra Forwards
Normal : Ryane Clowe, Chris Stewart, Chad Larose - PP : Chris Stewart, Brooks Laich - PK : Tyler Ennis
Extra Defensemen
Normal : Michael Del Zotto, Thomas Hickey, Josh Gorges - PP : Michael Del Zotto - PK : Thomas Hickey, Josh Gorges
Penalty Shots
Marian Gaborik, Zach Parise, Tyler Ennis, Marek Svatos, Brooks Laich
Scratches
Brad Richards (Bruised Left Foot Injury)
Canucks
5 vs 5 Forward
Center Left Wing Right Wing Time % Phy DF OF
1 Matt Stajan Derek Boogaard Brad Boyes 56 0 0 5
2 Mike Ribeiro Chris Higgins Jiri Hudler 30 1 2 2
3 Nik Antropov Ryan Hollweg Johan Franzen 10 1 2 2
4 James Wright Matt Stajan Martins Karsums 4 1 2 2
5 vs 5 Defense
Defense Defense Time % Phy DF OF
1 Alex Goligoski Jamie McBain 55 0 0 5
2 Steve Montador Danny DeKeiser 30 1 2 2
3 Chris Campoli Justin Falk 10 1 2 2
4 Alex Goligoski Danny DeKeiser 5 1 2 2
PowerPlay Forward
Center Left Wing Right Wing Time % Phy DF OF
1 Matt Stajan Chris Higgins Brad Boyes 71 0 0 5
2 James Wright Derek Boogaard Jiri Hudler 29 0 0 5
PowerPlay Defense
Defense Defense Time % Phy DF OF
1 Alex Goligoski Jamie McBain 71 0 0 5
2 Jamie McBain Danny DeKeiser 29 0 0 5
Penalty Kill 4 Players Forward
Center Wing Time % Phy DF OF
1 Matt Stajan Brad Boyes 60 3 2 0
2 Mike Ribeiro Derek Boogaard 40 3 2 0
Penalty Kill 4 Players Defense
Defense Defense Time % Phy DF OF
1 Alex Goligoski Steve Montador 60 3 2 0
2 Jamie McBain Chris Campoli 40 3 2 0
Penalty Kill - 3 Players Forward
Forward Time % Phy DF OF
1 Matt Stajan 60 1 2 2
2 Brad Boyes 40 1 2 2
Penalty Kill - 3 Players Defense
Defense Defense Time % Phy DF OF
1 Alex Goligoski Steve Montador 60 1 2 2
2 Jamie McBain Chris Campoli 40 1 2 2
4 vs 4 Forward
Center Wing Time % Phy DF OF
1 Matt Stajan Brad Boyes 60 0 2 3
2 Mike Ribeiro Chris Higgins 40 0 2 3
4 vs 4 Defense
Defense Defense Time % Phy DF OF
1 Alex Goligoski Jamie McBain 60 0 2 3
2 Steve Montador Danny DeKeiser 40 0 2 3
Last Minutes Offensive
Center Left Wing Right Wing Defense Defense
Matt Stajan Chris Higgins Brad Boyes Alex Goligoski Jamie McBain
Last Minutes Defensive
Center Left Wing Right Wing Defense Defense
Matt Stajan Derek Boogaard Brad Boyes Alex Goligoski Jamie McBain
Goaltenders
Starting : Michal Neuvirth
Backup : Alex Stalock
Extra Forwards
Normal : Nik Antropov, Ryan Hollweg, Johan Franzen - PP : Nik Antropov, Ryan Hollweg - PK : Johan Franzen
Extra Defensemen
Normal : Chris Campoli, Danny DeKeiser, Justin Falk - PP : Chris Campoli - PK : Danny DeKeiser, Justin Falk
Penalty Shots
Matt Stajan, Brad Boyes, Mike Ribeiro, Derek Boogaard, Chris Higgins
Scratches
Clarke MacArthur (Left Ankle Injury), Ladislav Smid (Healthy)
% Time on Ice - Coyotes
Lines # - Real PCT - Wanted PCT - Time Play
Normal Forward
1 - 33% - 36% - 15:54
2 - 33% - 34% - 15:42
3 - 18% - 16% - 8:37
4 - 15% - 14% - 7:17
Normal Defense
1 - 38% - 40% - 18:00
2 - 36% - 30% - 17:00
3 - 24% - 20% - 11:23
4 - 2% - 10% - 1:07
PP Forward
1 - 54% - 60% - 3:32
2 - 46% - 40% - 3:01
PP Defense
1 - 72% - 60% - 4:41
2 - 28% - 40% - 1:52
PK Forward
1 - 74% - 60% - 4:25
2 - 26% - 40% - 1:32
PK Defense
1 - 61% - 60% - 3:39
2 - 39% - 40% - 2:18
PK3 Forward
1 - 0% - 60%
2 - 0% - 40%
PK3 Defense
1 - 0% - 60%
2 - 0% - 40%
44 Forward
1 - 76% - 60% - 3:47
2 - 24% - 40% - 1:13
44 Defense
1 - 51% - 60% - 2:33
2 - 49% - 40% - 2:27
Last Minute Offensive - 0:00
Last Minute Defensive - 0:00
Total
Forward - 65:00
Defense - 65:00
|
% Time on Ice - Canucks
Lines # - Real PCT - Wanted PCT - Time Play
Normal Forward
1 - 36% - 56% - 17:07
2 - 30% - 30% - 14:29
3 - 26% - 10% - 12:27
4 - 7% - 4% - 3:27
Normal Defense
1 - 45% - 55% - 21:36
2 - 33% - 30% - 15:47
3 - 20% - 10% - 9:34
4 - 1% - 5% - 0:33
PP Forward
1 - 57% - 71% - 3:22
2 - 43% - 29% - 2:35
PP Defense
1 - 68% - 71% - 4:04
2 - 32% - 29% - 1:53
PK Forward
1 - 82% - 60% - 5:23
2 - 18% - 40% - 1:10
PK Defense
1 - 66% - 60% - 4:19
2 - 34% - 40% - 2:14
PK3 Forward
1 - 0% - 60%
2 - 0% - 40%
PK3 Defense
1 - 0% - 60%
2 - 0% - 40%
44 Forward
1 - 74% - 60% - 3:41
2 - 26% - 40% - 1:19
44 Defense
1 - 56% - 60% - 2:49
2 - 44% - 40% - 2:11
Last Minute Offensive - 0:00
Last Minute Defensive - 0:00
Total
Forward - 65:00
Defense - 65:00
|
Play-by-Play
1st period
0:01 of 1st period - Nazem Kadri wins face-off versus Matt Stajan in neutral zone.
0:10 of 1st period - Snap shot by Tyler Ennis.
0:10 of 1st period - Stopped by Michal Neuvirth without a rebound.
0:11 of 1st period - Mike Ribeiro wins face-off versus Brooks Laich in Canucks zone.
0:22 of 1st period - Wrist shot by Mike Ribeiro.
0:22 of 1st period - Shot Hit the Post.
0:24 of 1st period - Slapshot by Danny DeKeiser.
0:24 of 1st period - Deflect By Chris Higgins.
0:24 of 1st period - Stopped by Cam Ward with a rebound.
0:46 of 1st period - Slapshot by Chris Stewart.
0:46 of 1st period - Shot Blocked by Danny DeKeiser.
0:48 of 1st period - Slapshot by Martin Samuelsson.
0:48 of 1st period - Stopped by Michal Neuvirth without a rebound.
0:49 of 1st period - Nik Antropov wins face-off versus Anton Lander in Canucks zone.
1:14 of 1st period - Ryane Clowe is hit by Mike Ribeiro and loses puck.
1:23 of 1st period - Snap shot by Chris Higgins.
1:23 of 1st period - Stopped by Cam Ward with a rebound.
1:25 of 1st period - Slapshot by Justin Falk.
1:25 of 1st period - Shot Hit the Post.
1:45 of 1st period - Snap shot by Derek Boogaard.
1:45 of 1st period - Stopped by Cam Ward with a rebound.
2:03 of 1st period - Greg Zanon is hit by Jamie McBain and loses puck.
2:12 of 1st period - Tyler Ennis is hit by Alex Goligoski and loses puck.
2:28 of 1st period - Off-side.
2:29 of 1st period - Brooks Laich wins face-off versus Mike Ribeiro in neutral zone.
2:32 of 1st period - Slapshot by Kristopher Letang.
2:32 of 1st period - Stopped by Michal Neuvirth with a rebound.
2:52 of 1st period - Marek Svatos is hit by Chris Higgins and loses puck.
3:25 of 1st period - Slapshot by Zach Parise.
3:25 of 1st period - Stopped by Michal Neuvirth without a rebound.
3:26 of 1st period - Nazem Kadri wins face-off versus Matt Stajan in Canucks zone.
3:29 of 1st period - Snap shot by Marian Gaborik.
3:29 of 1st period - Stopped by Michal Neuvirth with a rebound.
3:39 of 1st period - Wrist shot by Derek Boogaard.
3:39 of 1st period - Stopped by Cam Ward with a rebound.
3:41 of 1st period - Snap shot by Brad Boyes.
3:41 of 1st period - Shot Misses the Net.
3:57 of 1st period - Snap shot by Ryan Hollweg.
3:57 of 1st period - Stopped by Cam Ward without a rebound.
3:58 of 1st period - Matt Stajan wins face-off versus Valtteri Filppula in Coyotes zone.
4:01 of 1st period - Snap shot by Brad Boyes.
4:01 of 1st period - Stopped by Cam Ward without a rebound.
4:02 of 1st period - Valtteri Filppula wins face-off versus Matt Stajan in Coyotes zone.
4:29 of 1st period - Kristopher Letang is hit by Ryan Hollweg and loses puck.
4:57 of 1st period - Slapshot by Mike Ribeiro.
4:57 of 1st period - Goal by Mike Ribeiro - Coyotes : 0 - Canucks : 1.
4:58 of 1st period - Nazem Kadri wins face-off versus Brad Boyes in neutral zone.
5:01 of 1st period - Backhand shot by Tyler Ennis.
5:01 of 1st period - Stopped by Michal Neuvirth without a rebound.
5:02 of 1st period - Matt Stajan wins face-off versus Nazem Kadri in Canucks zone.
5:41 of 1st period - Slapshot by Chris Stewart.
5:41 of 1st period - Shot Blocked by Steve Montador.
6:18 of 1st period - Off-side.
6:19 of 1st period - Mike Ribeiro wins face-off versus Nazem Kadri in neutral zone.
6:29 of 1st period - Icing by Josh Gorges.
6:30 of 1st period - Mike Ribeiro wins face-off versus Tyler Ennis in Coyotes zone.
6:45 of 1st period - Nazem Kadri is hit by Jamie McBain and loses puck.
7:18 of 1st period - Chris Campoli is hit by Anton Stralman.
7:35 of 1st period - Icing by Chris Campoli.
7:36 of 1st period - Mike Ribeiro wins face-off versus Anton Lander in Canucks zone.
7:47 of 1st period - Wrist shot by Chris Higgins.
7:47 of 1st period - Stopped by Cam Ward with a rebound.
7:49 of 1st period - Wrist shot by Jiri Hudler.
7:49 of 1st period - Deflect By Josh Gorges.
7:49 of 1st period - Goal by Jiri Hudler - Coyotes : 0 - Canucks : 2.
7:50 of 1st period - Marian Gaborik wins face-off versus Matt Stajan in neutral zone.
7:57 of 1st period - Wrist shot by Marian Gaborik.
7:57 of 1st period - Shot Misses the Net.
8:23 of 1st period - Wrist shot by Brooks Laich.
8:23 of 1st period - Shot Misses the Net.
8:45 of 1st period - Wrist shot by Chris Stewart.
8:45 of 1st period - Stopped by Michal Neuvirth without a rebound.
8:46 of 1st period - Nazem Kadri wins face-off versus Matt Stajan in Canucks zone.
9:21 of 1st period - Icing by Zach Parise.
9:22 of 1st period - Matt Stajan wins face-off versus Brooks Laich in Coyotes zone.
9:47 of 1st period - Zach Parise is hit by Ryan Hollweg.
10:01 of 1st period - Minor Penalty to Thomas Hickey for Holding.
10:02 of 1st period - Chad Larose wins face-off versus Chris Higgins in Coyotes zone.
11:25 of 1st period - Jiri Hudler is hit by Anton Lander and loses puck.
11:44 of 1st period - Tyler Ennis is hit by Jiri Hudler and loses puck.
12:01 of 1st period - Penalty to Thomas Hickey is over, Thomas Hickey is back on ice.
12:21 of 1st period - Snap shot by Martin Samuelsson.
12:21 of 1st period - Goal by Martin Samuelsson - Coyotes : 1 - Canucks : 2.
12:22 of 1st period - Nazem Kadri wins face-off versus Matt Stajan in neutral zone.
12:27 of 1st period - Snap shot by Nazem Kadri.
12:27 of 1st period - Stopped by Michal Neuvirth with a rebound.
13:38 of 1st period - Slapshot by Kristopher Letang.
13:38 of 1st period - Stopped by Michal Neuvirth without a rebound.
13:39 of 1st period - Nik Antropov wins face-off versus Nazem Kadri in Canucks zone.
14:02 of 1st period - Michael Del Zotto is hit by Jamie McBain and loses puck.
14:19 of 1st period - Snap shot by Nik Antropov.
14:19 of 1st period - Stopped by Cam Ward with a rebound.
14:21 of 1st period - Wrist shot by Alex Goligoski.
14:21 of 1st period - Deflect By Nazem Kadri.
14:21 of 1st period - Canucks goal is going for a video replay.
14:21 of 1st period - The goal is refused. The referee deems the play has been stopped, even if he had not physically had the opportunity to stop play by blowing his whistle..
14:22 of 1st period - Matt Stajan wins face-off versus Brooks Laich in Coyotes zone.
14:32 of 1st period - Icing by Steve Montador.
14:33 of 1st period - Matt Stajan wins face-off versus Zach Parise in Canucks zone.
14:47 of 1st period - Minor Penalty to Danny DeKeiser for Tripping.
14:48 of 1st period - Matt Stajan wins face-off versus Nazem Kadri in Canucks zone.
15:29 of 1st period - Icing by Anton Stralman.
15:30 of 1st period - Matt Stajan wins face-off versus Brooks Laich in Coyotes zone.
15:39 of 1st period - Snap shot by Tyler Ennis.
15:39 of 1st period - Stopped by Michal Neuvirth without a rebound.
15:40 of 1st period - Matt Stajan wins face-off versus Nazem Kadri in Canucks zone.
16:47 of 1st period - Penalty to Danny DeKeiser is over, Danny DeKeiser is back on ice.
17:13 of 1st period - Jiri Hudler is hit by Ryane Clowe and loses puck.
18:12 of 1st period - Zach Parise is hit by Jiri Hudler and loses puck.
18:37 of 1st period - Chad Larose is hit by Danny DeKeiser.
18:55 of 1st period - Icing by Marian Gaborik.
18:56 of 1st period - Nik Antropov wins face-off versus Nazem Kadri in Coyotes zone.
18:57 of 1st period - Wrist shot by Ryan Hollweg.
18:57 of 1st period - Shot Misses the Net.
19:15 of 1st period - Wrist shot by Nik Antropov.
19:15 of 1st period - Shot Blocked by Thomas Hickey.
19:21 of 1st period - Nik Antropov is hit by Marian Gaborik.
19:36 of 1st period - Tyler Ennis is hit by Ryan Hollweg and loses puck.
19:51 of 1st period - Wrist shot by Alex Goligoski.
19:51 of 1st period - Shot Misses the Net.
19:53 of 1st period - Slapshot by Alex Goligoski.
19:53 of 1st period - Shot Misses the Net.
19:55 of 1st period - Snap shot by Nik Antropov.
19:55 of 1st period - Deflect By Johan Franzen.
19:55 of 1st period - Stopped by Cam Ward with a rebound.
19:57 of 1st period - Wrist shot by Johan Franzen.
19:57 of 1st period - Shot Misses the Net.
19:59 of 1st period - Snap shot by Jamie McBain.
19:59 of 1st period - Shot Misses the Net.
Goals for this period are 1 for Coyotes vs 2 for Canucks.
Shots for this period are 11 for Coyotes vs 12 for Canucks.
2nd period
0:01 of 2nd period - Brooks Laich wins face-off versus Matt Stajan in neutral zone.
0:01 of 2nd period - Anton Stralman is hit by Jamie McBain.
0:04 of 2nd period - Kristopher Letang is hit by Jamie McBain and loses puck.
0:07 of 2nd period - Slapshot by Anton Stralman.
0:07 of 2nd period - Stopped by Michal Neuvirth with a rebound.
0:09 of 2nd period - Wrist shot by Zach Parise.
0:09 of 2nd period - Shot Blocked by Jamie McBain.
0:44 of 2nd period - Matt Stajan is hit by Martin Samuelsson and loses puck.
2:55 of 2nd period - Slapshot by Tyler Ennis.
2:55 of 2nd period - Shot Misses the Net.
3:21 of 2nd period - Martin Samuelsson is hit by Martins Karsums and loses puck.
3:38 of 2nd period - Slapshot by Josh Gorges.
3:38 of 2nd period - Stopped by Michal Neuvirth without a rebound.
3:39 of 2nd period - Nik Antropov wins face-off versus Anton Lander in Canucks zone.
3:49 of 2nd period - Slapshot by Josh Gorges.
3:49 of 2nd period - Stopped by Michal Neuvirth with a rebound.
5:22 of 2nd period - Justin Falk is hit by Anton Lander and loses puck.
5:47 of 2nd period - Anton Stralman is hit by Mike Ribeiro and loses puck.
5:54 of 2nd period - Minor Penalty to Marian Gaborik for Slashing.
5:55 of 2nd period - Martin Samuelsson wins face-off versus Matt Stajan in Coyotes zone.
7:54 of 2nd period - Penalty to Marian Gaborik is over, Marian Gaborik is back on ice.
8:33 of 2nd period - Wrist shot by Brooks Laich.
8:33 of 2nd period - Stopped by Michal Neuvirth without a rebound.
8:34 of 2nd period - Brooks Laich wins face-off versus Nik Antropov in Canucks zone.
8:35 of 2nd period - Snap shot by Marek Svatos.
8:35 of 2nd period - Shot Blocked by Justin Falk.
8:37 of 2nd period - Wrist shot by Zach Parise.
8:37 of 2nd period - Shot Blocked by Justin Falk.
8:39 of 2nd period - Slapshot by Marek Svatos.
8:39 of 2nd period - Shot Misses the Net.
8:41 of 2nd period - Wrist shot by Marek Svatos.
8:41 of 2nd period - Shot Misses the Net.
8:43 of 2nd period - Wrist shot by Brooks Laich.
8:43 of 2nd period - Stopped by Michal Neuvirth with a rebound.
8:45 of 2nd period - Slapshot by Thomas Hickey.
8:45 of 2nd period - Stopped by Michal Neuvirth with a rebound.
8:47 of 2nd period - Wrist shot by Zach Parise.
8:47 of 2nd period - Shot Misses the Net.
8:49 of 2nd period - Wrist shot by Zach Parise.
8:49 of 2nd period - Shot Misses the Net.
9:15 of 2nd period - Snap shot by Chris Higgins.
9:15 of 2nd period - Shot Misses the Net.
9:17 of 2nd period - Slapshot by Alex Goligoski.
9:17 of 2nd period - Stopped by Cam Ward with a rebound.
9:45 of 2nd period - Snap shot by Zach Parise.
9:45 of 2nd period - Shot Misses the Net.
9:47 of 2nd period - Wrist shot by Greg Zanon.
9:47 of 2nd period - Deflect By Brooks Laich.
9:47 of 2nd period - Shot Misses the Net.
9:47 of 2nd period - Puck is out of play.
9:48 of 2nd period - Nazem Kadri wins face-off versus Matt Stajan in Canucks zone.
9:59 of 2nd period - Wrist shot by Marian Gaborik.
9:59 of 2nd period - Stopped by Michal Neuvirth without a rebound.
10:00 of 2nd period - Mike Ribeiro wins face-off versus Brooks Laich in Canucks zone.
10:11 of 2nd period - Backhand shot by Chris Higgins.
10:11 of 2nd period - Shot Misses the Net.
10:13 of 2nd period - Wrist shot by Alex Goligoski.
10:13 of 2nd period - Shot Misses the Net.
10:52 of 2nd period - Valtteri Filppula is hit by Ryan Hollweg and loses puck.
10:59 of 2nd period - Snap shot by Nik Antropov.
10:59 of 2nd period - Stopped by Cam Ward without a rebound.
11:00 of 2nd period - Mike Ribeiro wins face-off versus Brooks Laich in Coyotes zone.
11:27 of 2nd period - Chris Campoli is hit by Greg Zanon and loses puck.
12:08 of 2nd period - Slapshot by Michael Del Zotto.
12:08 of 2nd period - Deflect By Anton Lander.
12:08 of 2nd period - Stopped by Michal Neuvirth with a rebound.
12:14 of 2nd period - Snap shot by Chad Larose.
12:14 of 2nd period - Shot Blocked by Steve Montador.
12:38 of 2nd period - Snap shot by Tyler Ennis.
12:38 of 2nd period - Shot Misses the Net.
12:52 of 2nd period - Slapshot by Nik Antropov.
12:52 of 2nd period - Stopped by Cam Ward without a rebound.
12:53 of 2nd period - Johan Franzen wins face-off versus Zach Parise in Coyotes zone.
13:04 of 2nd period - Wrist shot by Nik Antropov.
13:04 of 2nd period - Stopped by Cam Ward without a rebound.
13:05 of 2nd period - Brooks Laich wins face-off versus Matt Stajan in Coyotes zone.
13:28 of 2nd period - Minor Penalty to Jamie McBain for Goalie Interference.
13:29 of 2nd period - Nazem Kadri wins face-off versus Matt Stajan in Canucks zone.
13:34 of 2nd period - Snap shot by Tyler Ennis.
13:34 of 2nd period - Shot Hit the Post.
13:40 of 2nd period - Snap shot by Nazem Kadri.
13:40 of 2nd period - Shot Misses the Net.
14:02 of 2nd period - Snap shot by Marek Svatos.
14:02 of 2nd period - Stopped by Michal Neuvirth with a rebound.
14:04 of 2nd period - Slapshot by Anton Stralman.
14:04 of 2nd period - Goal by Anton Stralman - Coyotes : 2 - Canucks : 2.
14:05 of 2nd period - Brooks Laich wins face-off versus Matt Stajan in neutral zone.
14:05 of 2nd period - Marek Svatos is hit by Derek Boogaard and loses puck.
14:21 of 2nd period - Wrist shot by Zach Parise.
14:21 of 2nd period - Goal by Zach Parise - Coyotes : 3 - Canucks : 2.
14:22 of 2nd period - Nazem Kadri wins face-off versus Matt Stajan in neutral zone.
14:26 of 2nd period - Minor Penalty to Matt Stajan for Tripping.
14:27 of 2nd period - Johan Franzen wins face-off versus Nazem Kadri in Canucks zone.
15:13 of 2nd period - Slapshot by Marian Gaborik.
15:13 of 2nd period - Stopped by Michal Neuvirth with a rebound.
15:15 of 2nd period - Snap shot by Zach Parise.
15:15 of 2nd period - Shot Misses the Net.
16:26 of 2nd period - Penalty to Matt Stajan is over, Matt Stajan is back on ice.
16:34 of 2nd period - Slapshot by James Wright.
16:34 of 2nd period - Stopped by Cam Ward with a rebound.
16:36 of 2nd period - Slapshot by Alex Goligoski.
16:36 of 2nd period - Shot Misses the Net.
16:42 of 2nd period - Slapshot by Martins Karsums.
16:42 of 2nd period - Shot Misses the Net.
16:56 of 2nd period - Chris Campoli is hit by Chad Larose and loses puck.
17:17 of 2nd period - Wrist shot by Derek Boogaard.
17:17 of 2nd period - Stopped by Cam Ward without a rebound.
17:18 of 2nd period - Valtteri Filppula wins face-off versus Matt Stajan in Coyotes zone.
17:22 of 2nd period - Off-side.
17:23 of 2nd period - Matt Stajan wins face-off versus Nazem Kadri in neutral zone.
17:30 of 2nd period - Snap shot by Brad Boyes.
17:30 of 2nd period - Deflect By Derek Boogaard.
17:30 of 2nd period - Stopped by Cam Ward without a rebound.
17:31 of 2nd period - Matt Stajan wins face-off versus Nazem Kadri in Coyotes zone.
17:48 of 2nd period - Snap shot by Tyler Ennis.
17:48 of 2nd period - Stopped by Michal Neuvirth without a rebound.
17:49 of 2nd period - Brooks Laich wins face-off versus Mike Ribeiro in Canucks zone.
17:54 of 2nd period - Wrist shot by Brooks Laich.
17:54 of 2nd period - Stopped by Michal Neuvirth with a rebound.
18:16 of 2nd period - Brad Boyes is hit by Greg Zanon and loses puck.
18:47 of 2nd period - Snap shot by Nik Antropov.
18:47 of 2nd period - Stopped by Cam Ward with a rebound.
18:49 of 2nd period - Backhand shot by Johan Franzen.
18:49 of 2nd period - Shot Misses the Net.
18:56 of 2nd period - Icing by Thomas Hickey.
18:57 of 2nd period - Valtteri Filppula wins face-off versus Mike Ribeiro in Coyotes zone.
19:02 of 2nd period - Snap shot by Chris Higgins.
19:02 of 2nd period - Stopped by Cam Ward without a rebound.
19:03 of 2nd period - Mike Ribeiro wins face-off versus Brooks Laich in Coyotes zone.
19:04 of 2nd period - Snap shot by Jiri Hudler.
19:04 of 2nd period - Shot Blocked by Kristopher Letang.
19:54 of 2nd period - Snap shot by Anton Lander.
19:54 of 2nd period - Stopped by Michal Neuvirth without a rebound.
19:55 of 2nd period - Anton Lander wins face-off versus Nik Antropov in Canucks zone.
Goals for this period are 2 for Coyotes vs 0 for Canucks.
Shots for this period are 15 for Coyotes vs 9 for Canucks.
3rd period
0:01 of 3rd period - Matt Stajan wins face-off versus Brooks Laich in neutral zone.
0:51 of 3rd period - Thomas Hickey is hit by Steve Montador and loses puck.
0:56 of 3rd period - Wrist shot by Nik Antropov.
0:56 of 3rd period - Shot Misses the Net.
1:04 of 3rd period - Snap shot by Nik Antropov.
1:04 of 3rd period - Stopped by Cam Ward without a rebound.
1:05 of 3rd period - Matt Stajan wins face-off versus Brooks Laich in Coyotes zone.
1:20 of 3rd period - Brad Boyes is hit by Greg Zanon and loses puck.
1:41 of 3rd period - Wrist shot by Mike Ribeiro.
1:41 of 3rd period - Shot Misses the Net.
1:43 of 3rd period - Wrist shot by Chris Higgins.
1:43 of 3rd period - Stopped by Cam Ward with a rebound.
1:45 of 3rd period - Slapshot by Jamie McBain.
1:45 of 3rd period - Shot Blocked by Greg Zanon.
2:24 of 3rd period - Snap shot by Thomas Hickey.
2:24 of 3rd period - Shot Misses the Net.
3:47 of 3rd period - Snap shot by Chris Higgins.
3:47 of 3rd period - Deflect By Mike Ribeiro.
3:47 of 3rd period - Shot Misses the Net.
3:47 of 3rd period - Puck is out of play.
3:48 of 3rd period - Brooks Laich wins face-off versus Mike Ribeiro in Coyotes zone.
4:03 of 3rd period - Slapshot by Chris Campoli.
4:03 of 3rd period - Shot Blocked by Marek Svatos.
4:05 of 3rd period - Snap shot by Mike Ribeiro.
4:05 of 3rd period - Shot Misses the Net.
4:21 of 3rd period - Snap shot by Matt Stajan.
4:21 of 3rd period - Stopped by Cam Ward without a rebound.
4:22 of 3rd period - Matt Stajan wins face-off versus Nazem Kadri in Coyotes zone.
4:35 of 3rd period - Backhand shot by Nazem Kadri.
4:35 of 3rd period - Shot Blocked by Jamie McBain.
4:37 of 3rd period - Slapshot by Marian Gaborik.
4:37 of 3rd period - Shot Blocked by Jamie McBain.
4:39 of 3rd period - Slapshot by Tyler Ennis.
4:39 of 3rd period - Stopped by Michal Neuvirth with a rebound.
6:12 of 3rd period - Snap shot by Johan Franzen.
6:12 of 3rd period - Stopped by Cam Ward without a rebound.
6:13 of 3rd period - Anton Lander wins face-off versus Nik Antropov in Coyotes zone.
6:24 of 3rd period - Snap shot by Nik Antropov.
6:24 of 3rd period - Shot Blocked by Kristopher Letang.
6:38 of 3rd period - Marek Svatos is hit by Matt Stajan and loses puck.
7:45 of 3rd period - Alex Goligoski is hit by Michael Del Zotto and loses puck.
7:58 of 3rd period - Martin Samuelsson is hit by Jiri Hudler and loses puck.
8:05 of 3rd period - Slapshot by Chris Higgins.
8:05 of 3rd period - Shot Misses the Net.
8:31 of 3rd period - Wrist shot by Zach Parise.
8:31 of 3rd period - Stopped by Michal Neuvirth with a rebound.
8:37 of 3rd period - Matt Stajan is hit by Brooks Laich and loses puck.
9:18 of 3rd period - Snap shot by Ryan Hollweg.
9:18 of 3rd period - Shot Blocked by Josh Gorges.
9:22 of 3rd period - Wrist shot by Nik Antropov.
9:22 of 3rd period - Shot Blocked by Thomas Hickey.
10:10 of 3rd period - Justin Falk is hit by Nazem Kadri and loses puck.
10:31 of 3rd period - Jamie McBain is hit by Josh Gorges and loses puck.
10:41 of 3rd period - Icing by Chris Stewart.
10:42 of 3rd period - Matt Stajan wins face-off versus Anton Lander in Coyotes zone.
10:45 of 3rd period - Wrist shot by Brad Boyes.
10:45 of 3rd period - Shot Misses the Net.
10:47 of 3rd period - Snap shot by Matt Stajan.
10:47 of 3rd period - Shot Misses the Net.
11:07 of 3rd period - Snap shot by Chris Higgins.
11:07 of 3rd period - Shot Misses the Net.
12:03 of 3rd period - Minor Penalty to Zach Parise for High sticking.
12:04 of 3rd period - Chad Larose wins face-off versus Matt Stajan in Coyotes zone.
12:04 of 3rd period - Chad Larose is hit by Matt Stajan.
12:29 of 3rd period - Greg Zanon is hit by James Wright and loses puck.
12:36 of 3rd period - Wrist shot by Derek Boogaard.
12:36 of 3rd period - Stopped by Cam Ward without a rebound.
12:37 of 3rd period - Chris Higgins wins face-off versus Chad Larose in Coyotes zone.
13:11 of 3rd period - Snap shot by Derek Boogaard.
13:11 of 3rd period - Stopped by Cam Ward with a rebound.
14:03 of 3rd period - Penalty to Zach Parise is over, Zach Parise is back on ice.
14:04 of 3rd period - Icing by Tyler Ennis.
14:05 of 3rd period - Tyler Ennis wins face-off versus Matt Stajan in Coyotes zone.
14:26 of 3rd period - Wrist shot by Nik Antropov.
14:26 of 3rd period - Deflect By Johan Franzen.
14:26 of 3rd period - Goal by Johan Franzen - Coyotes : 3 - Canucks : 3.
14:27 of 3rd period - Brooks Laich wins face-off versus Matt Stajan in neutral zone.
14:30 of 3rd period - Snap shot by Kristopher Letang.
14:30 of 3rd period - Shot Blocked by Jamie McBain.
14:50 of 3rd period - Minor Penalty to Derek Boogaard for Hooking.
14:51 of 3rd period - Matt Stajan wins face-off versus Tyler Ennis in Canucks zone.
15:12 of 3rd period - Matt Stajan is hit by Anton Stralman and loses puck.
15:39 of 3rd period - Mike Ribeiro is hit by Kristopher Letang and loses puck.
16:50 of 3rd period - Penalty to Derek Boogaard is over, Derek Boogaard is back on ice.
16:54 of 3rd period - Steve Montador is hit by Michael Del Zotto and loses puck.
Goals for this period are 0 for Coyotes vs 1 for Canucks.
Shots for this period are 2 for Coyotes vs 7 for Canucks.
Overtime #1
0:01 of 1st overtime period - Matt Stajan wins face-off versus Marian Gaborik in neutral zone.
0:06 of 1st overtime period - Backhand shot by Brad Boyes.
0:06 of 1st overtime period - Stopped by Cam Ward with a rebound.
0:42 of 1st overtime period - Slapshot by Josh Gorges.
0:42 of 1st overtime period - Shot Misses the Net.
0:44 of 1st overtime period - Slapshot by Greg Zanon.
0:44 of 1st overtime period - Stopped by Michal Neuvirth with a rebound.
0:46 of 1st overtime period - Snap shot by Chris Stewart.
0:46 of 1st overtime period - Shot Misses the Net.
0:48 of 1st overtime period - Snap shot by Greg Zanon.
0:48 of 1st overtime period - Shot Blocked by Jamie McBain.
1:43 of 1st overtime period - Brad Boyes is hit by Greg Zanon and loses puck.
2:04 of 1st overtime period - Slapshot by Mike Ribeiro.
2:04 of 1st overtime period - Shot Blocked by Josh Gorges.
2:26 of 1st overtime period - Slapshot by Steve Montador.
2:26 of 1st overtime period - Deflect By Ryan Hollweg.
2:26 of 1st overtime period - Shot Misses the Net.
2:26 of 1st overtime period - Puck is out of play.
2:27 of 1st overtime period - Nik Antropov wins face-off versus Nazem Kadri in Coyotes zone.
2:32 of 1st overtime period - Wrist shot by Ryan Hollweg.
2:32 of 1st overtime period - Shot Misses the Net.
2:34 of 1st overtime period - Snap shot by Alex Goligoski.
2:34 of 1st overtime period - Stopped by Cam Ward with a rebound.
2:36 of 1st overtime period - Slapshot by Jamie McBain.
2:36 of 1st overtime period - Deflect By Kristopher Letang.
2:36 of 1st overtime period - Stopped by Cam Ward without a rebound.
2:37 of 1st overtime period - Marian Gaborik wins face-off versus Matt Stajan in Coyotes zone.
2:42 of 1st overtime period - Matt Stajan is hit by Kristopher Letang and loses puck.
4:07 of 1st overtime period - Wrist shot by Chris Stewart.
4:07 of 1st overtime period - Shot Blocked by Johan Franzen.
4:52 of 1st overtime period - Wrist shot by Ryan Hollweg.
4:52 of 1st overtime period - Shot Blocked by Josh Gorges.
Goals for this period are 0 for Coyotes vs 0 for Canucks.
Shots for this period are 1 for Coyotes vs 3 for Canucks.
ShootOut
5:00 of 1st overtime period - Round #1.
5:00 of 1st overtime period - Coyotes, Marian Gaborik.
5:00 of 1st overtime period - Backhand shot by Marian Gaborik.
5:00 of 1st overtime period - Stopped by Michal Neuvirth.
5:00 of 1st overtime period - Canucks, Matt Stajan.
5:00 of 1st overtime period - Deke by Matt Stajan.
5:00 of 1st overtime period - Goal by Matt Stajan.
5:00 of 1st overtime period - Round #2.
5:00 of 1st overtime period - Coyotes, Zach Parise.
5:00 of 1st overtime period - Deke by Zach Parise.
5:00 of 1st overtime period - Stopped by Michal Neuvirth.
5:00 of 1st overtime period - Canucks, Brad Boyes.
5:00 of 1st overtime period - Wrist shot by Brad Boyes.
5:00 of 1st overtime period - Goal by Brad Boyes.
5:00 of 1st overtime period - Round #3.
Back to the Top